 Dungeon Crawl Stone Soup version 0.15.0-8-gb109cf8 (webtiles) character file.

1320 MDvedh the Basher (level 8, -7/39 HPs)
             Began as a Vine Stalker Berserker on Aug 30, 2014.
             Was an Elder of Trog.
             Mangled by an orc warrior
             ... wielding a +0 glaive
              (21 damage)
             ... on Level 6 of the Dungeon.
             The game lasted 00:06:25 (4038 turns).

MDvedh the Basher (Vine Stalker Berserker)          Turns: 4038, Time: 00:06:26

HP  -7/39        AC  0     Str 21      XL: 8   Next: 59%
MP   0/11        EV  7     Int  7      God: Trog [****..]
Gold 313         SH  0     Dex 15      Spells:  0 memorised,  7 levels left

rFire  . . .     SeeInvis .     x - +0 flail
rCold  . . .     Clarity  .     d - +0 chain mail
rNeg   . . .     rCorr    .     (no shield)
rPois  .         rRot     +     F - +1 hat
rElec  .         Spirit   +     (no cloak)
SustAb .         Warding  .     s - +0 pair of gloves
rMut   .         Stasis   .     (no boots)
Gourm  .                        (no amulet)
MR     +++..                    (no ring)
                                i - ring of flight

@: corroded equipment, regenerating, extremely resistant to hostile
enchantments, extremely unstealthy
A: fangs 3, regeneration 2, magic shield, antimagic bite, no device heal 3, rot
immunity
a: Burn Spellbooks, Berserk, Trog's Hand, Brothers in Arms, Renounce Religion,
Evoke Flight


You were on level 6 of the Dungeon.
You worshipped Trog.
Trog was greatly pleased with you.
You were hungry.

You visited 1 branch of the dungeon, and saw 6 of its levels.

You collected 313 gold pieces.

Inventory:

Hand weapons
 a - a +0 mace
 x - a +0 flail (weapon)
Missiles
 B - 5 steel javelins (quivered)
Armour
 d - a +0 chain mail (worn)
 s - a +0 pair of gloves (worn)
 F - a +1 hat (worn)
Magical devices
 r - a wand of teleportation (3)
 u - a wand of draining (2)
 w - a wand of digging (14)
 G - a wand of fireball (4) {unknown}
Comestibles
 b - 5 fruits
 c - 4 bread rations
 k - 4 meat rations
 v - a slice of pizza
 D - a beef jerky
Scrolls
 e - 2 scrolls of magic mapping {unknown}
 f - 9 scrolls of identify {unknown}
 g - a scroll of random uselessness {unknown}
 j - a scroll of fog {unknown}
 l - 4 scrolls of remove curse {unknown}
 n - 2 scrolls of enchant armour {unknown}
 p - a scroll of amnesia {unknown}
 q - a scroll of enchant weapon {unknown}
 t - a scroll of recharging {unknown}
 y - a scroll of noise {unknown}
 A - a scroll of immolation {unknown}
 E - a scroll of teleportation {unknown}
Jewellery
 i - a ring of flight (left hand)
 o - an uncursed ring of see invisible {unknown}
Potions
 h - a potion of heal wounds {unknown}
 m - a potion of restore abilities {unknown}
 z - a potion of agility {unknown}
 C - a potion of degeneration {unknown}


   Skills:
 - Level 2.6 Fighting
 + Level 9.7 Maces & Flails
 - Level 1.5 Armour
 - Level 1.5 Dodging


You had 7 spell levels left.
You didn't know any spells.

Dungeon Overview and Level Annotations

Branches:
Dungeon (6/15)
 Temple: D:4-7

Altars:
Cheibriados
Nemelex Xobeh
Okawaru


Innate Abilities, Weirdness & Mutations

You have razor-sharp teeth.
You heal very quickly.
When hurt, damage is shared between your health and your magic reserves.
Your bite disrupts and absorbs the magic of your enemies.
Potions and wands cannot restore your health.
You are immune to rotting.


Message History

You feel slightly more hungry.
You closely miss the orc. You bite the orc. You drain its power.
You feel invigorated.
The orc is almost dead.
The orc hits you.
You hit the orc.
You kill the orc!
Trog accepts your kill. The orc barely misses you.
You barely miss the orc. You bite the orc. You drain its power.
You feel invigorated.
The orc is heavily wounded.
The orc hits you.
Unknown command.
You sock the orc!
You kill the orc!
Trog accepts your kill.
The orc warrior hits you from afar with a glaive!!
Ouch! That really hurt!
You die...

#....#........# ####
#....#........# #...
#....#........# #.##
#....#........# #.#
#....#..o.....####'##
#....#/.......#......
####....##o#######......
#..'...%[o.# #####......
#.##...@#### #..........
#.##....# #..........
#.##....## #.......[..
#.###....# #....###...
#.# #....# #....# ####
#.# #....#####....###<..
#.# #...................
#.# #.........##'#######
#.# #.........##........


You could see an orc warrior and an orc.

Vanquished Creatures
  Grinder (D:4)
  The ghost of Poody the Spear-Bearer, an average MfGl of Okawaru (D:4)
  A sky beast (D:5)
  An ogre (D:4)
  A scorpion (D:5)
  A goliath beetle (D:6)
  2 crimson imps (D:5)
  2 hounds
  A centaur skeleton (D:5)
  2 jellies
  2 orc priests
  4 orc wizards
  An iguana (D:4)
  7 adders
  2 shadow imps (D:5)
  3 worms
  An inept item mimic (D:3)
  An orc zombie (D:5)
  An adder zombie (D:6)
  7 giant geckos
  An ooze (D:1)
  22 orcs
  12 bats
  3 giant cockroaches
  4 goblins
  8 hobgoblins
  6 jackals
  2 quokkas
  4 giant newts
  A gnoll skeleton (D:4)
  A hobgoblin zombie (D:5)
  5 kobolds
  A kobold zombie (D:4)
  17 rats
  A rat skeleton (D:4)
130 creatures vanquished.

Notes
Turn   | Place    | Note
--------------------------------------------------------------
     0 | D:1      | MDvedh, the Vine Stalker Berserker, began the quest for the Orb.
     0 | D:1      | Reached XP level 1. HP: 11/11 MP: 1/1
    73 | D:1      | Reached skill level 3 in Maces & Flails
   120 | D:1      | Reached XP level 2. HP: 16/16 MP: 3/3
   324 | D:1      | Acquired Trog's second power
   428 | D:1      | Found a sparkling altar of Nemelex Xobeh.
   494 | D:2      | Reached XP level 3. HP: 19/19 MP: 4/4
   545 | D:2      | Found an iron altar of Okawaru.
   637 | D:2      | Found a snail-covered altar of Cheibriados.
   660 | D:2      | Reached skill level 4 in Maces & Flails
  1062 | D:2      | Reached XP level 4. HP: 23/23 MP: 5/5
  1777 | D:3      | Reached skill level 5 in Maces & Flails
  1938 | D:3      | Reached XP level 5. HP: 24/27 MP: 7/7
  2088 | D:4      | Noticed Poody's ghost (average MfGl)
  2099 | D:4      | Killed Poody's ghost
  2099 | D:4      | Reached skill level 6 in Maces & Flails
  2099 | D:4      | Gained mutation: You heal very quickly. [vine stalker growth]
  2099 | D:4      | Reached XP level 6. HP: 27/32 MP: 5/8
  2184 | D:4      | Noticed an ogre
  2192 | D:4      | Killed an ogre
  2192 | D:4      | Reached skill level 7 in Maces & Flails
  2192 | D:4      | Reached XP level 7. HP: 16/35 MP: 3/9
  2450 | D:4      | Acquired Trog's third power
  2512 | D:4      | Noticed Grinder
  2520 | D:4      | Killed Grinder
  2520 | D:4      | Reached skill level 8 in Maces & Flails
  2803 | D:5      | Entered Level 5 of the Dungeon
  2821 | D:5      | Gained mutation: You have razor-sharp teeth. [vine stalker growth]
  2821 | D:5      | Reached XP level 8. HP: 39/39 MP: 11/11
  2998 | D:5      | Reached skill level 9 in Maces & Flails
  3106 | D:5      | Received a gift from Trog
  4038 | D:6      | Mangled by an orc warrior

Action                   |  1- 3 |  4- 6 |  7- 9 || total
-------------------------+-------+-------+-------++-------
Melee: Mace              |    80 |    95 |    83 ||   258
       Flail             |       |       |    98 ||    98
Invok: Berserk           |     1 |     1 |     2 ||     4
       Trog's Hand       |       |       |     1 ||     1
Evoke: Wand              |       |       |     3 ||     3
  Eat: Chunk             |     1 |       |     2 ||     3
       Bread ration      |       |     1 |     1 ||     2
       Royal jelly       |       |       |     1 ||     1
